 Dungeon Crawl Stone Soup version 0.27.0-1-g7a089689b8 (webtiles) character file.

Game seed: 1726499049352026608

79 SkeletonJelly the Slasher (level 4, -2/36 HPs)
             Began as a Draconian Gladiator on Aug 3, 2021.
             Was a Believer of Makhleb.
             Slain by a rat (3 damage)
             ... on level 3 of the Dungeon.
             The game lasted 00:03:01 (2346 turns).

SkeletonJelly the Slasher (Draconian Gladiator)     Turns: 2346, Time: 00:03:02

Health: -2/36      AC:  5    Str: 17    XL:     4   Next: 16%
Magic:  4/4        EV: 12    Int:  8    God:    Makhleb [**....]
Gold:   88         SH:  0    Dex: 13    Spells: 2/3 levels left

rFire    + . .     SeeInvis .   a - +0 long sword
rCold    . . .     Faith    .   (no shield)
rNeg     . . .     Spirit   .   (armour unavailable)
rPois    .         Reflect  .   b - +0 hat
rElec    .         Harm     .   (no cloak)
rCorr    .         Rampage  .   (no gloves)
Will     .....                  (no boots)
Stlth    +.........             (no amulet)
HPRegen  0.12/turn              k - ring of protection from fire
MPRegen  0.09/turn              (no ring)

@: no status effects
A: AC +5, unfitting armour, cold-blooded
a: Renounce Religion, Minor Destruction


You were on level 3 of the Dungeon.
You worshipped Makhleb.
Makhleb was pleased with you.
You visited 1 branch of the dungeon, and saw 3 of its levels.

You collected 88 gold pieces.

Inventory:

Hand Weapons
 a - a +0 long sword (weapon)
 j - a +1 dagger of draining
Armour
 b - a +0 hat (worn)
Jewellery
 k - a ring of protection from fire (left hand)
Scrolls
 f - a scroll of identify {unknown}
 i - a scroll of teleportation {unknown}
Potions
 d - a potion of curing {unknown}
 e - 2 potions of haste {unknown}
 g - a potion of magic {unknown}
 h - a potion of might {unknown}


   Skills:
 - Level 2.1 Fighting
 + Level 5.0 Long Blades
 - Level 1.7 Throwing
 - Level 2.6 Dodging


You had 2 spell levels left.
You knew the following spells:

 Your Spells              Type           Power      Damage    Failure   Level
a - Corona                Hex            0%         N/A       41%         1

Your spell library contained the following spells:

 Spells                   Type           Power      Damage    Failure   Level
 Ensorcelled Hibernation  Hex/Ice        0%         N/A       54%         2
 Tukima's Dance           Hex            0%         N/A       78%         3


Dungeon Overview and Level Annotations

Branches:
Dungeon (3/15)

Altars:
Makhleb
Qazlal


Innate Abilities, Weirdness & Mutations

Your plain brown scales are hard. (AC +5)
You cannot fit into any form of body armour.
You are cold-blooded and may be slowed by cold attacks.


Message History

The rat moves out of view.
You now have 88 gold pieces (gained 8).
A steam dragon comes into view.
Found a stone staircase leading down.
A steam dragon is nearby!
A steam dragon is nearby!
The steam dragon breathes steam at you. The ball of steam hits you! You resist.
The steam dragon bites you.
The steam dragon claws you but does no damage.
A rat comes into view.
Throw: 3 throwing nets
Press: ? - help, Q - select action, (/) - cycle Shift-Dir - straight line, f - steam dragon
Aim: a steam dragon (57% to hit)
You throw a throwing net. The throwing net hits the steam dragon.
The steam dragon is caught in the net!
The steam dragon breathes steam at you. The ball of steam hits you. You resist.
The steam dragon struggles against the net.
You slash the steam dragon!
You tail-slap the steam dragon, but do no damage.
The steam dragon is moderately wounded.
The steam dragon struggles against the net.
A rat comes into view.
You hit the steam dragon.
The steam dragon is moderately wounded.
The steam dragon breathes steam at you. The ball of steam hits you! You resist.
The steam dragon struggles against the net.
You hit the steam dragon.
The steam dragon is heavily wounded.
You barely miss the steam dragon.
The steam dragon is heavily wounded.
A rat comes into view.
The steam dragon struggles against the net.
You slash the steam dragon!
The steam dragon is severely wounded.
The steam dragon struggles against the net.
The net rips apart, and the steam dragon comes free!
The rat bites you but does no damage. The rat barely misses you.
You riposte.
You hit the rat.
You kill the rat!
Makhleb accepts your kill.
Throw: 2 throwing nets
Press: ? - help, Q - select action, (/) - cycle Shift-Dir - straight line, f/p - steam dragon
Aim: a steam dragon (severely wounded, catching its breath, 57% to hit)
You throw a throwing net.
The throwing net completely misses the steam dragon.
The steam dragon bites you.
* * * LOW HITPOINT WARNING * * *
The steam dragon closely misses you. The rat barely misses you.
The rat bites you.
* * * LOW HITPOINT WARNING * * *
The rat misses you.
You riposte.
You slash the rat!
You kill the rat!
Makhleb accepts your kill.
You feel better.
Throw: throwing net
Press: ? - help, Q - select action, (/) - cycle Shift-Dir - straight line, f/p - steam dragon
Aim: a steam dragon (severely wounded, 57% to hit)
You throw a throwing net. The throwing net hits the steam dragon.
The steam dragon is caught in the net!
The steam dragon is severely wounded.
The steam dragon struggles against the net.
The rat closely misses you.
You hit the steam dragon but do no damage.
You tail-slap the steam dragon, but do no damage.
The steam dragon is severely wounded.
The steam dragon struggles against the net.
The rat bites you but does no damage.
You hit the steam dragon.
The steam dragon is severely wounded.
The steam dragon struggles against the net.
The rat misses you.
You riposte.
You barely miss the rat. You hit the steam dragon.
The steam dragon is severely wounded.
The steam dragon struggles against the net.
The rat closely misses you.
You catch the helpless steam dragon completely off-guard!
You hit the steam dragon.
The steam dragon is almost dead.
The rat completely misses you.
The steam dragon struggles against the net.
The net rips apart, and the steam dragon comes free!
You hit the steam dragon.
The steam dragon is almost dead.
The rat closely misses you.
You riposte.
You slash the rat!
You kill the rat!
Makhleb accepts your kill.
You feel better. The steam dragon bites you!
* * * LOW HITPOINT WARNING * * *
The steam dragon claws you but does no damage.
Unknown command.
Unknown command.
Okay, then.
You completely miss the steam dragon.
The steam dragon is almost dead.
The steam dragon breathes steam at you. The ball of steam misses you.
The rat bites you.
You die...

#####.##.#
..##.##.# ###
#.##.##.# ##.#
#.##.##.# .
#$.#####.......# ..
#..............#...
##§########.#......
#§# #.#.##...
#.####@########.#.#
..
#....rD†..........#
.
####.#.########.###
#.#.# #.# # #># ..#
#(# #.#. ### #+ #


You could see a steam dragon (catching breath) and a rat.

Vanquished Creatures
  3 adders
  A worm (D:2)
  A dart slug (D:2)
  4 endoplasms
  A giant cockroach (D:1)
  5 goblins
  6 hobgoblins
  8 kobolds
  4 ball pythons (D:1)
  5 bats
  A frilled lizard (D:2)
  8 rats
47 creatures vanquished.

Notes
Turn   | Place    | Note
-------+----------+-------------------------------------------
     0 | D:1      | SkeletonJelly the Draconian Gladiator began the quest for
                  | the Orb.
     0 | D:1      | Reached XP level 1. HP: 17/17 MP: 1/1
   118 | D:1      | Reached XP level 2. HP: 7/24 MP: 2/2
   356 | D:1      | Learned a level 1 spell: Corona
   695 | D:1      | Found a faded altar of an unknown god.
   699 | D:1      | Became a worshipper of Makhleb the Destroyer
   699 | D:1      | Reached * piety under Makhleb
   763 | D:1      | Reached skill level 4 in Long Blades
  1194 | D:2      | Reached XP level 3. HP: 29/29 MP: 3/3
  1813 | D:2      | Reached ** piety under Makhleb
  1980 | D:2      | Reached XP level 4. HP: 35/35 MP: 4/4
  2037 | D:2      | Reached skill level 5 in Long Blades
  2313 | D:3      | Found a stormy altar of Qazlal.
  2327 | D:3      | Noticed a steam dragon
  2345 | D:3      | HP: 1/36 [steam dragon (7)]
  2346 | D:3      | Slain by a rat

Illustrated notes

Levels and vault maps discovered:
D:1:      lemuel_arrival_broad_hall, layout_basic, ebering_ecumenical_altar_box
D:2:      layout_basic, st_stairs_5, minmay_tiny_reverse_x
D:3:      layout_loops_ring, lemuel_round_altar, bloody_trog,
          mainiacjoe_overflow_24_doors, serial_shops, nicolae_shop_crystal,
          minmay_rat_hole

Skill      XL: |  1  2  3  4 |
---------------+-------------+-----
Long Blades    | 4 5 |  5.0
Fighting       | |  2.1
Throwing       | |  1.7
Dodging        | |  2.6

Action                   |  1- 3 |  4- 6 || total
-------------------------+-------+-------++-------
Melee: Long sword        |    98 |    19 ||   117
       Tailslap          |    14 |     3 ||    17
Throw: Throwing net      |     3 |     3 ||     6
 Stab: Sleeping          |     1 |       ||     1
       Held in net/web   |       |     1 ||     1
Armor: Skin              |    41 |     6 ||    47
Dodge: Dodged            |    84 |    17 ||   101
       Rpst.: Long sword |    28 |     7 ||    35
